 Dungeon Crawl Stone Soup version 0.24-a0-446-g87df7205b4 (webtiles) character file.

Game seed: 5825351217682282126

3852 Gargoyl the Chopper (level 9, -4/75 HPs)
             Began as a Centaur Abyssal Knight on June 24, 2019.
             Was a Priest of Lugonu.
             Slain by a yak (8 damage)
             ... on level 1 of the Lair of Beasts.
             The game lasted 00:14:56 (10021 turns).

Gargoyl the Chopper (Centaur Abyssal Knight)       Turns: 10021, Time: 00:14:57

Health: -4/75      AC: 13    Str: 15      XL:     9   Next: 99%
Magic:  9/13       EV:  6    Int: 11      God:    Lugonu [***...]
Gold:   248        SH:  0    Dex: 10 (12) Spells: 8/8 levels left

rFire    + . .     SeeInvis .   g - +5 battleaxe (curse)
rCold    . . .     Gourm    .   (shield currently unavailable)
rNeg     . . .     Faith    .   s - +0 chain mail {MR+}
rPois    .         Spirit   .   (no helmet)
rElec    .         Reflect  .   n - +0 cloak
rCorr    .         Harm     .   j - +0 pair of gloves
MR       +....     Rnd*Rage +   (no barding)
Stlth    ..........             (no amulet)
HPRegen  0.62/turn              l - +2 ring of protection
MPRegen  0.13/turn              w - ring of protection from fire

@: very quick
A: large, fangs 1, hooves 3, berserk 1, deformed body, deterioration 1, speed 2,
sense surroundings 1, regeneration 1, tough skin 3
a: Depart the Abyss, Bend Space, Banish, Renounce Religion


You were on level 1 of the Lair of Beasts.
You worshipped Lugonu.
Lugonu was most pleased with you.
You were not hungry.

You visited 2 branches of the dungeon, and saw 9 of its levels.
You visited the Abyss 1 time.

You collected 508 gold pieces.
You spent 260 gold pieces at shops.

Inventory:

Hand Weapons
 a - a +2 hand axe
 g - a cursed +5 battleaxe (weapon)
Missiles
 k - 5 boomerangs (quivered)
Armour
 j - a +0 pair of gloves (worn)
 n - a +0 cloak (worn)
 s - a +0 chain mail of magic resistance (worn)
 C - the +1 ring mail of Basaux Cajo {rElec rPois MR++ Int+4, unknown}
   (You found it on level 1 of the Lair of Beasts)

   It affects your intelligence (+4).
   It insulates you from electricity.
   It protects you from poison.
   It affects your resistance to hostile enchantments.
Jewellery
 l - a +2 ring of protection (left hand)
 m - an uncursed ring of ice {unknown}
 w - a ring of protection from fire (right hand)
Wands
 d - a wand of flame (21)
 h - a wand of digging (14)
 p - a wand of polymorph (6)
 y - a wand of paralysis (13)
Scrolls
 b - 3 scrolls of remove curse
 e - 7 scrolls of teleportation
 i - 6 scrolls of identify
 q - 2 scrolls of fear
 z - a scroll of magic mapping
Potions
 f - 2 potions of brilliance
 o - 3 potions of agility
 r - a potion of magic
 t - 2 potions of haste
 u - 5 potions of curing
 v - 2 potions of might
 x - 2 potions of resistance
 A - a potion of flight
Comestibles
 c - 17 rations
 B - a chunk of flesh


   Skills:
 + Level 5.7 Fighting
 + Level 7.1 Axes
 + Level 0.5 Throwing
 * Level 6.5 Armour
 * Level 3.9 Dodging
 * Level 5.9 Invocations
 + Level 1.1 Evocations


You had 8 spell levels left.
You didn't know any spells.
Your spell library was empty.

Dungeon Overview and Level Annotations

Branches:
Dungeon (8/15)             Temple (0/1) D:4            Lair (1/6) D:8

Altars:
Cheibriados
Elyvilon
Sif Muna
Xom
Yredelemnul
The Shining One

Shops:
D:6 (}}!


Innate Abilities, Weirdness & Mutations

You have hooves in place of feet.
Armour fits poorly on your strangely shaped body.
You cover ground very quickly.
You have extremely tough skin. (AC +3)
You have very sharp teeth.
You tend to lose your temper in combat.
Your body sometimes deteriorates upon taking damage.
You passively map a small area around you.
Your natural rate of healing is unusually fast.


Message History

The yak blinks!
The yak blinks into view! x2; The yak gores you!
* * * LOW HITPOINT WARNING * * *
Your body deteriorates!
You feel clumsy. The yak gores you!
* * * LOW HITPOINT WARNING * * *
Unknown command.
Press: ? - help, Shift-Dir - straight line, f/p - guardian serpent
Aim: a guardian serpent (lightly wounded, chance to defeat MR: 53%)
The guardian serpent is devoured by a tear in reality.
Lugonu claims a new guest.
You feel somewhat more hungry.
You can no longer corrupt the fabric of space.
The yak gores you.
* * * LOW HITPOINT WARNING * * *
The yak barely misses you. The yak gores you.
* * * LOW HITPOINT WARNING * * *
You feel better. The yak gores you but does no damage. The yak gores you!
* * * LOW HITPOINT WARNING * * *
The yak gores you!
You die...

* #......... , ♣...... ##* #
......Y.. P...... #P ##.#....Y...
....... #. ..#........ , ,
....... ##., #......... .......
#.. #.........
.......###.#####........ * *
.......#.#+§#.###..##..# ,
*♣.....Y@..§..§..Y...#... * *
♣......YY.§.............
,♣....................... ,
,♣....................... , * *
♣......###.######..#P..P ,,
♣......###.#####...#.... *
♣♣......##.......#....... ♣♣♣♣♣
♣♣.......##.......+..#..$.
.♣..♣♣♣♣.........#......##..#....


You could see 3 yaks.

Vanquished Creatures
  A komodo dragon (Lair:1)
  A hippogriff (D:8)
  Sigmund (D:4)
  2 basilisks (Lair:1)
  Edmund (D:5)
  2 porcupines (Lair:1)
  A water moccasin (Lair:1)
  An ice beast (D:7)
  A black bear (D:4)
  3 phantoms
  2 orc warriors
  An ogre (D:4)
  A centaur (D:6)
  A big kobold (D:7)
  5 bullfrogs
  4 wights (D:6)
  2 howler monkeys (D:8)
  A bullfrog zombie (D:8)
  2 crimson imps (D:5)
  An orc priest (D:4)
  2 centaur zombies (D:7)
  A hound (D:5)
  2 jellies
  Crazy Yiuf (D:4)
  2 bullfrog skeletons
  An orc wizard (D:4)
  6 iguanas
  6 worker ants
  A hound skeleton (D:5)
  4 gnolls (D:4)
  11 adders
  A shadow imp (D:7)
  2 oozes
  2 worms
  5 dart slugs
  2 leopard geckos
  17 orcs
  4 ball pythons
  5 giant cockroaches
  2 gnoll zombies (D:6)
  7 goblins
  10 hobgoblins
  2 jackals
  6 bats
  4 frilled lizards
  2 jackal skeletons
  15 kobolds
  4 rats
161 creatures vanquished.

Vanquished Creatures (others)
  A guardian serpent (Lair:1)
1 creature vanquished.

Grand Total: 162 creatures vanquished

Notes
Turn   | Place    | Note
-------+----------+-------------------------------------------
     0 | Abyss:1  | Gargoyl the Centaur Abyssal Knight began the quest for the
                  | Orb.
     0 | Abyss:1  | Reached XP level 1. HP: 19/19 MP: 2/2
    23 | Abyss:1  | Noticed a ynoxinul
    46 | Abyss:1  | Noticed a small abomination
    67 | Abyss:1  | Noticed a thrashing horror
    71 | D:1      | Escaped the Abyss
   260 | D:1      | Reached * piety under Lugonu
   260 | D:1      | Reached XP level 2. HP: 21/26 MP: 3/3
   330 | D:1      | Reached skill level 1 in Dodging
   455 | D:1      | Reached XP level 3. HP: 29/31 MP: 4/4
   504 | D:1      | Reached skill level 2 in Axes
  1619 | D:1      | Reached XP level 4. HP: 38/38 MP: 5/5
  1961 | D:2      | Found a glowing golden altar of the Shining One.
  2276 | D:3      | Reached ** piety under Lugonu
  2670 | D:3      | Found a snail-covered altar of Cheibriados.
  2921 | D:4      | Reached XP level 5. HP: 40/45 MP: 7/7
  3213 | D:4      | Noticed Sigmund
  3241 | D:4      | Killed Sigmund
  3241 | D:4      | Reached skill level 3 in Axes
  3241 | D:4      | Reached XP level 6. HP: 31/52 MP: 8/8
  3310 | D:4      | Found a staircase to the Ecumenical Temple.
  4006 | D:4      | Reached XP level 7. HP: 41/59 MP: 9/9
  4238 | D:4      | Found a runed translucent door.
  4239 | D:4      | Noticed Crazy Yiuf
  4247 | D:4      | Paralysed by Crazy Yiuf for 5 turns
  4261 | D:4      | Killed Crazy Yiuf
  4474 | D:4      | Reached skill level 4 in Axes
  4899 | D:5      | Entered Level 5 of the Dungeon
  4913 | D:5      | Gained mutation: Your body sometimes deteriorates upon
                  | taking damage. [potion of mutation]
  4913 | D:5      | Gained mutation: Your magical capacity is low. (-10% MP)
                  | [potion of mutation]
  4913 | D:5      | Gained mutation: You have very sharp teeth. [potion of
                  | mutation]
  4913 | D:5      | Gained mutation: You passively map a small area around you.
                  | [potion of mutation]
  5000 | D:5      | Noticed Edmund
  5032 | D:5      | Killed Edmund
  5097 | D:5      | Reached XP level 8. HP: 57/67 MP: 10/10
  5394 | D:5      | Found a shimmering altar of Xom.
  5905 | D:6      | Found Rechei's Antique Weapon Shop.
  5979 | D:6      | Reached skill level 5 in Axes
  6182 | D:6      | Reached *** piety under Lugonu
  6369 | D:6      | Found Ruinlu Mone's Distillery.
  6416 | D:6      | Found Dima's Gadget Emporium.
  6421 | D:6      | Bought 2 potions of curing for 60 gold pieces
  6421 | D:6      | Bought 2 potions of curing for 60 gold pieces
  6421 | D:6      | Bought a potion of curing for 30 gold pieces
  6421 | D:6      | Bought a potion of curing for 30 gold pieces
  6421 | D:6      | Bought a potion of might for 40 gold pieces
  6421 | D:6      | Bought a potion of might for 40 gold pieces
  6469 | D:6      | Found Ynuobatho's Gadget Shoppe.
  6950 | D:6      | Reached skill level 5 in Armour
  7037 | D:6      | Found a basalt altar of Yredelemnul.
  7382 | D:7      | Reached skill level 5 in Fighting
  7485 | D:7      | Reached XP level 9. HP: 54/74 MP: 11/11
  7502 | D:7      | Reached skill level 6 in Axes
  8096 | D:7      | Reached skill level 5 in Invocations
  8273 | D:7      | Found a deep blue altar of Sif Muna.
  8403 | D:8      | Found a white marble altar of Elyvilon.
  8712 | D:8      | Lost mutation: Your body sometimes deteriorates upon taking
                  | damage. [potion of mutation]
  8712 | D:8      | Gained mutation: Your spells are a little harder to cast,
                  | but a little more powerful. [potion of mutation]
  8712 | D:8      | Gained mutation: You tend to lose your temper in combat.
                  | [potion of mutation]
  8712 | D:8      | Gained mutation: You are robust. (+10% HP) [potion of
                  | mutation]
  8713 | D:8      | Lost mutation: Your spells are a little harder to cast, but
                  | a little more powerful. [potion of mutation]
  8713 | D:8      | Lost mutation: Your magical capacity is low. (-10% MP)
                  | [potion of mutation]
  8713 | D:8      | Lost mutation: You are robust. (+10% HP) [potion of
                  | mutation]
  8713 | D:8      | Gained mutation: Your body sometimes deteriorates upon
                  | taking damage. [potion of mutation]
  8713 | D:8      | Gained mutation: Your natural rate of healing is unusually
                  | fast. [potion of mutation]
  8974 | D:8      | Found a staircase to the Lair.
  9580 | Lair:1   | Entered Level 1 of the Lair of Beasts
  9678 | Lair:1   | Noticed a komodo dragon
  9726 | Lair:1   | Killed a komodo dragon
  9864 | Lair:1   | Reached skill level 7 in Axes
  9918 | Lair:1   | Reached **** piety under Lugonu
  9918 | Lair:1   | Reached skill level 1 in Evocations
  9977 | Lair:1   | Noticed a komodo dragon
  9986 | Lair:1   | Got a warped ring mail
 10017 | Lair:1   | Noticed a guardian serpent
 10017 | Lair:1   | a komodo dragon changed into a guardian serpent
 10020 | Lair:1   | Banished a guardian serpent
 10020 | Lair:1   | HP: 1/75 [yak (5)]
 10021 | Lair:1   | Slain by a yak

Levels and vault maps discovered:
D:1:      dpeg_arrival_fog, layout_loops_ring, minmay_3d_cube
D:2:      layout_loops_ring, nicolae_tso_swordbearing_angel, first_ration
D:3:      layout_rooms, lemuel_crystal_altar
D:4:      minmay_diamond_boxcup, layout_rooms, minmay_temple_entry_trees,
          hex_medium, chequers_serial_rivers_room_a, minmay_puff, uniq_sigmund,
          uniq_crazy_yiuf_cottage
D:5:      layout_basic, xom_teletrap_fun, uniq_edmund
D:6:      layout_basic, lemuel_zombie_altar_yredelemnul, serial_shops,
          nicolae_shop_trees, nicolae_shop_trees, shop_fountains, shop,
          abandoned_shop
D:7:      layout_gridville, led_sif_pool
D:8:      layout_layer_cave, lemuel_crystal_altar, lair_entry_dummy
Lair:1:   wad_woods_structure_01, layout_regular_city, st_stairs_5

Skill      XL: |  1  2  3  4  5  6  7  8  9 |
---------------+----------------------------+-----
Dodging        | 1 2 3 |  3.9
Axes           | 2 3 4 5 7 |  7.1
Armour         | 2 3 4 5 6 |  6.5
Invocations    | 3 4 5 |  5.9
Fighting       | 4 5 |  5.7
Evocations     | 1 |  1.1
Throwing       | |  0.5

Action                   |  1- 3 |  4- 6 |  7- 9 || total
-------------------------+-------+-------+-------++-------
Melee: Hand axe          |   101 |   181 |   147 ||   429
       Kick              |    17 |    28 |    78 ||   123
       Bite              |       |       |    23 ||    23
       Battleaxe         |       |       |   187 ||   187
Throw: Boomerang         |       |       |     8 ||     8
Invok: Depart the Abyss  |     1 |       |       ||     1
       Banish            |       |       |     1 ||     1
Evoke: Wand              |       |       |    10 ||    10
  Use: Scroll            |     4 |     3 |    10 ||    17
       Potion            |     1 |     2 |     8 ||    11
 Stab: Paralysed         |       |       |     1 ||     1
  Eat: Chunk             |       |     8 |    13 ||    21
       Ration            |       |       |     1 ||     1
Armor: Leather armour    |    23 |       |       ||    23
       Chain mail        |    34 |   152 |   274 ||   460
       Skin              |       |       |    16 ||    16
Dodge: Dodged            |    34 |    39 |   103 ||   176

Table legend:
 A = Non-vault XP
 B = Vault XP
 C = Vault XP percentage of total XP
 D = Non-vault monster count
 E = Vault monster count
 F = Vault count percentage of total count
                 A         B        C        D         E       F
            +---------+---------+-------+---------+---------+-------
      Total |    4852 |     651 |  11.8 |     148 |      14 |   8.6
            +---------+---------+-------+---------+---------+-------
        D:1 |      52 |       8 |  13.3 |      26 |       3 |  10.3
        D:2 |      61 |       0 |   0.0 |      19 |       0 |   0.0
        D:3 |     203 |       0 |   0.0 |      17 |       0 |   0.0
        D:4 |     376 |     476 |  55.9 |      10 |       8 |  44.4
        D:5 |     228 |     164 |  41.8 |      14 |       1 |   6.7
        D:6 |     772 |       3 |   0.4 |      18 |       2 |  10.0
        D:7 |     914 |       0 |   0.0 |      24 |       0 |   0.0
        D:8 |     709 |       0 |   0.0 |      12 |       0 |   0.0
     Lair:1 |    1537 |       0 |   0.0 |       8 |       0 |   0.0
            +---------+---------+-------+---------+---------+-------
